 Dungeon Crawl Stone Soup version 0.31-a0-161-gb58dd9be76 (webtiles) character file.

Game seed: 5397599933992552308

1220 vineage the Fighter (level 8, -2/56 HPs)
             Began as a Gargoyle Fighter on June 12, 2023.
             Was an Initiate of Okawaru.
             Slain by an orc warrior
             ... wielding a +0 hand axe
              (8 damage)
             ... on level 6 of the Dungeon.
             The game lasted 00:04:37 (4505 turns).

vineage the Fighter (Gargoyle Fighter)              Turns: 4505, Time: 00:04:37

Health: -2/56      AC: 20    Str: 20    XL:     8   Next: 47%
Magic:  8/8        EV:  5    Int:  9    God:    Okawaru [......]
Gold:   188        SH: 10    Dex: 11    Spells: 7/7 levels left

rFire   . . .        a - +1 flail
rCold   + . .        c - +0 buckler
rNeg    + . .        f - +0 plate armour
rPois   ∞            (no helmet)
rElec   +            g - +0 cloak
rCorr   .            (no gloves)
SInv    .            r - +0 pair of boots
Will    .....        o - amulet of reflection Stlth
                     k - ring of protection from cold
HPRegen 0.29/turn    (no ring)
MPRegen 0.11/turn

%: reflection
@: no status effects
A: sickness immunity, AC +5, negative energy resistance 1, electricity
resistance, torment resistance 1, petrification resistance
a: Renounce Religion


You were on level 6 of the Dungeon.
You worshipped Okawaru.
Okawaru was noncommittal.
You visited 2 branches of the dungeon, and saw 7 of its levels.

You collected 188 gold pieces.

Inventory:

Hand Weapons
 a - a +1 flail (weapon)
 m - a +3 club
Armour
 c - a +0 buckler (worn)
 f - a +0 plate armour (worn)
 g - a +0 cloak (worn)
 r - a +0 pair of boots (worn)
Jewellery
 k - a ring of protection from cold (left hand)
 o - an amulet of reflection (around neck)
 q - a ring of magical power
Scrolls
 b - 2 scrolls of teleportation
 e - a scroll of identify
 i - 3 scrolls of enchant weapon
 p - a scroll of fear
 s - a scroll of silence
 u - a scroll of blinking {unknown}
Potions
 d - a potion of attraction
 h - a potion of might
 l - 2 potions of degeneration
 n - a potion of resistance
 t - 2 potions of magic {unknown}


   Skills:
 + Level 9.5 Fighting
 * Level 4.2 Maces & Flails
 + Level 4.4 Armour
 + Level 4.4 Shields
 * Level 1.2 Invocations


You had 7 spell levels left.
You didn't know any spells.
Your spell library contained the following spells:

 Spells                   Type           Power      Damage    Failure   Level
 Slow                     Hex            0%         N/A       100%        1
 Lesser Beckoning         Tloc           0%         N/A       100%        2
 Wereblood                Tmut           0%         N/A       100%        2
 Confusing Touch          Hex            0%         N/A       100%        3
 Gell's Gravitas          Tloc           0%         N/A       100%        3
 Teleport Other           Tloc           0%         N/A       100%        3
 Vampiric Draining        Necr           0%         2d6       100%        3
 Sublimation of Blood     Necr           Unusable   N/A       N/A         2
 Summon Hydra             Summ           Unusable   N/A       N/A         7

Dungeon Overview and Level Annotations

Branches:
Dungeon (6/15)             Temple (1/1) D:5

Altars:
Ashenzari
Cheibriados
Dithmenos
Elyvilon
Fedhas
Hepliaklqana
Kikubaaqudgha
Makhleb
Nemelex Xobeh
Okawaru
Qazlal
Sif Muna
Trog
Uskayaw
Vehumet
Wu Jian
Xom
Yredelemnul
Zin
The Shining One


Innate Abilities, Weirdness & Mutations

You are immune to sickness and miasma.
Your stone body is resilient. (AC +5)
You are immune to poison.
You resist negative energy. (rN+)
You are resistant to electric shocks. (rElec)
You are resistant to unholy torment.
You are immune to petrification.


Message History

The orc warrior is severely wounded.
You block the orc warrior's attack. The orc warrior barely misses you.
The orc wizard gestures wildly while chanting.
The orc wizard flickers and vanishes!
Deactivating autopickup; reactivate with Ctrl-A.
You hit the orc warrior.
The orc warrior is severely wounded.
You block the orc warrior's attack.
You hit the orc warrior.
The orc warrior is almost dead.
You block the orc warrior's attack.
The orc priest calls upon Beogh to heal the orc warrior.
You hit the orc warrior.
The orc warrior is almost dead.
The orc warrior hits you but does no damage.
You hit the orc warrior.
The orc warrior is almost dead.
The orc priest calls upon Beogh to heal the orc warrior.
The orc warrior hits you with a +0 hand axe!
* * * LOW HITPOINT WARNING * * *
You closely miss the orc warrior.
The orc warrior is almost dead.
You block the orc warrior's attack.
The orc priest looks encouraged for a moment.
The orc warrior hits you with a +0 hand axe.
* * * LOW HITPOINT WARNING * * *
You feel better. You block the orc warrior's attack.
The orc priest calls down the wrath of Beogh upon you.
Beogh smites you!
* * * LOW HITPOINT WARNING * * *
You hit the orc warrior but do no damage.
The orc warrior is almost dead.
The orc warrior hits you but does no damage.
The orc priest looks braver for a moment.
You hear a shout!
You closely miss the orc warrior.
The orc warrior is almost dead.
You hear a shout!
The orc warrior hits you with a +0 hand axe!
You die...

#.#.# #.#.#
#<#.######
##.#.##...#
#.#.......###
##.#........######
###.............#
##)......####.#
###...### #@#
#...# #o# #.###
###{### #.#
#.ooo.# #.#
#.###.# #.# ... >#
.# ### .# .# ##


You could see an orc warrior, an orc priest and 2 orcs.

Vanquished Creatures
  A wraith (D:6)
  Eustachio (D:3)
  2 ogres (D:5)
  A bullfrog (D:4)
  2 jellies
  3 hounds
  2 orc priests
  A gnoll bouda (D:4)
  Jessica (D:3)
  3 iguanas
  Terence (D:3)
  2 orc wizards (D:5)
  11 adders
  8 gnolls
  3 ufetubi (D:5)
  A worm (D:2)
  2 dart slugs
  8 orcs
  9 ball pythons
  7 bats
  6 endoplasms
  2 giant cockroaches
  9 goblins
  5 hobgoblins
  7 jackals
  3 quokkas
  A frilled lizard (D:1)
  6 kobolds
  5 rats
113 creatures vanquished.

Vanquished Creatures (others)
  An orc wizard (D:4)
1 creature vanquished.

Grand Total: 114 creatures vanquished

Notes
Turn   | Place    | Note
-------+----------+-------------------------------------------
     0 | D:1      | vineage the Gargoyle Fighter began the quest for the Orb.
     0 | D:1      | Reached XP level 1. HP: 14/14 MP: 1/1
    37 | D:1      | Reached XP level 2. HP: 16/20 MP: 2/2
    83 | D:1      | Reached skill level 4 in Fighting
   204 | D:1      | Reached XP level 3. HP: 24/24 MP: 3/3
   264 | D:1      | You fall into a shaft and drop 1 floor!
   587 | D:2      | Reached skill level 5 in Fighting
   607 | D:2      | Reached XP level 4. HP: 31/31 MP: 4/4
  1158 | D:3      | Reached skill level 6 in Fighting
  1158 | D:3      | Reached XP level 5. HP: 31/36 MP: 5/5
  1232 | D:3      | Found a faded altar of an unknown god.
  1360 | D:3      | Noticed Terence
  1378 | D:3      | Killed Terence
  1548 | D:3      | Noticed Jessica
  1551 | D:3      | Killed Jessica
  1770 | D:3      | Reached skill level 7 in Fighting
  1915 | D:4      | Reached XP level 6. HP: 24/44 MP: 6/6
  2027 | D:4      | Noticed Eustachio
  2082 | D:3      | HP: 1/44 [orc priest/divine providence (10)]
  2084 | D:3      | Reached skill level 8 in Fighting
  2293 | D:3      | Killed Eustachio
  2294 | D:3      | Reached XP level 7. HP: 39/50 MP: 7/7
  2392 | D:4      | Reached skill level 9 in Fighting
  2987 | D:5      | Entered Level 5 of the Dungeon
  3340 | D:5      | Reached XP level 8. HP: 54/56 MP: 8/8
  3908 | D:5      | Found a staircase to the Ecumenical Temple.
  3919 | Temple   | Entered the Ecumenical Temple
  4115 | Temple   | Became a worshipper of Warmaster Okawaru
  4391 | D:6      | Noticed a wraith
  4412 | D:6      | Killed a wraith
  4413 | D:6      | Reached skill level 1 in Invocations
  4505 | D:6      | Slain by an orc warrior

Illustrated notes

Levels and vault maps discovered:
D:1:      amcnicky_arrival_gap_in_the_tavern_cellar, layout_rooms
D:2:      layout_rooms, kennysheep_nondescript, columned_hall_lemuel
D:3:      layout_rooms, shapermc_ecumenical_altar_petra, grunt_ministairs_3,
          roderic_nine_men_s_morris, chequers_serial_rivers_room_a,
          corner_web_ring, minivault_11, solitary_fountain, uniq_jessica,
          uniq_terence
D:4:      layout_loops_ring, uniq_eustachio
D:5:      layout_loops_ring, minmay_temple_entry_antechambers
D:6:      layout_loops_ring
Temple:   nicolae_temple_slightly_damp_pantheon

Skill      XL: |  1  2  3  4  5  6  7  8 |
---------------+-------------------------+-----
Fighting       | 4 5 6 7 8 9 |  9.5
Maces & Flails | 3 4 |  4.2
Armour         | 4 |  4.4
Shields        | 4 |  4.4
Invocations    | 1 |  1.2

Action                     |  1- 3 |  4- 6 |  7- 9 || total
---------------------------+-------+-------+-------++-------
  Melee: Flail             |   107 |   212 |   209 ||   528
    Use: Scroll            |       |     9 |     2 ||    11
         Potion            |       |     3 |     1 ||     4
 Armour: Scale mail        |    72 |       |       ||    72
         Plate armour      |    22 |   200 |   158 ||   380
  Dodge: Dodged            |    55 |    62 |    48 ||   165
  Block: Buckler           |    36 |    54 |    69 ||   159

Table legend: (Time is in decaauts)
 A = Elapsed time spent in this place.
 B = Non-inter-level travel time spent in this place.
 C = Inter-level travel time spent in this place.
 D = Time resting spent in this place.
 E = Time spent auto-exploring this place.
 F = Levels seen in this place.
 G = Mean time per level.
                   A        B        C        D        E       F      G
               +--------+--------+--------+--------+--------+-----+--------+
         Total |   4686 |   4461 |    225 |    365 |   2962 |   7 |  669.4 |
       Dungeon |   4468 |   4294 |    174 |    365 |   2817 |   6 |  744.7 |
        Temple |    217 |    166 |     51 |      0 |    145 |   1 |  217.0 |
               +--------+--------+--------+--------+--------+-----+--------+

Top non-repeatable levels by time:
     D:5: 1216 daAuts
     D:3: 1048 daAuts
     D:4: 921 daAuts
     D:2: 576 daAuts
     D:1: 566 daAuts
  Temple: 217 daAuts
     D:6: 140 daAuts
